 Dungeon Sprint DCSS version 0.22.0-16-gc6d26f6 (webtiles) character file.

133 doot the Spear-Bearer (level 5, -6/42 HPs)
             Began as a Merfolk Gladiator on Aug 17, 2018.
             Was an Initiate of Gozag.
             Splashed by an oklob sapling wizard's acid (11 damage)
             ... in the Dungeon (Sprint IV: "Fedhas' Mad Dash").
             The game lasted 00:01:35 (724 turns).

doot the Spear-Bearer (Merfolk Gladiator)            Turns: 724, Time: 00:01:37

Health: -6/42      AC: -3    Str: 16    XL:     5   Next: 16%
Magic:  4/5        EV: 16    Int:  7    God:    Gozag
Gold:   143        SH:  0    Dex: 15    Spells: 4/4 levels left

rFire    . . .     SeeInvis .   a - +0 trident
rCold    . . .     Gourm    .   (no shield)
rNeg     . . .     Faith    .   b - +0 leather armour
rPois    .         Spirit   .   c - +0 helmet
rElec    .         Reflect  .   (no cloak)
rCorr    .         Harm     .   (no gloves)
MR       .....     NoTele   +   (no boots)
Stlth    ++........             m - amulet of invisibility {+Inv}
HPRegen  0.14/turn              (no ring)
MPRegen  0.09/turn              (no ring)

@: corroded, very slightly contaminated, invisible (expiring)
A: change form in water, swift swim, stealthy swim
a: Potion Petition, Call Merchant, Bribe Branch, Renounce Religion


You were in the Dungeon.
You worshipped Gozag.
Gozag was aware of your devotion.
You were hungry.

You visited 1 branch You collected 143 gold pieces.

Inventory:

Hand Weapons
 a - a +0 trident (weapon)
Missiles
 d - 3 throwing nets (quivered)
Armour
 b - a +0 leather armour (worn)
 c - a +0 helmet (worn)
Jewellery
 m - the amulet of invisibility (around neck) {+Inv}
   (You found it in the Dungeon)

   [amulet of nothing]

   It lets you turn invisible.
Scrolls
 k - a scroll of blinking
 l - a scroll of immolation {unknown}
Potions
 e - a potion of curing
 g - a potion of heal wounds
 h - a potion of haste
 i - 2 potions of magic
 j - a potion of berserk rage
Comestibles
 f - a ration


   Skills:
 + Level 4.0 Fighting
 * Level 10.7 Polearms
 + Level 2.9 Throwing
 + Level 1.1 Armour
 + Level 7.2 Dodging
 + Level 2.4 Stealth
 + Level 1.1 Evocations


You had 4 spell levels left.
You didn't know any spells.
Your spell library was empty.

Dungeon Overview and Level Annotations

Branches:
Dungeon (1/1)

Altars:
Cheibriados
Dithmenos
Elyvilon
Gozag
Hepliaklqana
Kikubaaqudgha
Makhleb
Nemelex Xobeh
Okawaru
Qazlal
Ru
Sif Muna
Trog
Uskayaw
Vehumet
Wu Jian
Xom
Yredelemnul
Zin
The Shining One
Beogh
Jiyva
Lugonu

Annotations:
D exclusion: oklob sapling


Message History

The oklob sapling wizard is moderately damaged.
You flicker for a moment.
You hit the oklob sapling wizard.
The oklob sapling wizard is severely damaged.
You strike the helpless oklob sapling wizard from behind!
You hit the oklob sapling wizard but do no damage.
The oklob sapling wizard is severely damaged.
The oklob sapling wizard spits acid at you.
The splash of acid hits you! The acid corrodes you!
You are splashed with acid!
The acid burns!
You hit the oklob sapling wizard but do no damage.
The oklob sapling wizard is severely damaged.
You hit the oklob sapling wizard but do no damage.
The oklob sapling wizard is severely damaged.
The oklob sapling wizard spits acid at you.
The splash of acid hits you!
* * * LOW HITPOINT WARNING * * *
The acid corrodes you!
You are splashed with acid!
The acid burns!
You die...
Your body crumbles into a pile of gold.

###################
.#.⌠._._._._.⌠.#.?+$
.'.._._._._._..'@P#$
$
.#..._._._._...#..#
$ $$
##.._._._._._..#.?#
$
.#._._._._._.⌠.####
.############### ##
$ $$ $


You could see an oklob sapling wizard.

Vanquished Creatures
  3 oklob saplings (D)
  A worker ant (D)
  A river rat (D)
  A rat (D)
6 creatures vanquished.

Notes
Turn   | Place    | Note
-------+----------+-------------------------------------------
     0 | D        | doot the Merfolk Gladiator began the quest for the Orb.
     0 | D        | Reached XP level 1. HP: 16/16 MP: 1/1
     9 | D        | Reached skill level 5 in Polearms
     9 | D        | Reached skill level 5 in Dodging
     9 | D        | Reached XP level 2. HP: 23/23 MP: 2/2
   120 | D        | Noticed an oklob sapling
   345 | D        | Killed an oklob sapling
   345 | D        | Reached skill level 7 in Polearms
   345 | D        | Reached XP level 3. HP: 29/29 MP: 3/3
   449 | D        | Found the amulet of invisibility {+Inv}
   454 | D        | Reached skill level 8 in Polearms
   454 | D        | Reached XP level 4. HP: 33/35 MP: 4/4
   478 | D        | Reached skill level 9 in Polearms
   478 | D        | Reached skill level 1 in Stealth
   573 | D        | Found an opulent altar of Gozag.
   573 | D        | Found a hazy altar of Hepliaklqana.
   573 | D        | Found a roughly hewn altar of Beogh.
   573 | D        | Found a snail-covered altar of Cheibriados.
   574 | D        | Found a viscous altar of Jiyva.
   574 | D        | Found a burning altar of Makhleb.
   574 | D        | Found a sparkling altar of Nemelex Xobeh.
   574 | D        | Found a sacrificial altar of Ru.
   574 | D        | Found a deep blue altar of Sif Muna.
   574 | D        | Found a bloodstained altar of Trog.
   574 | D        | Found an ornate altar of the Wu Jian Council.
   574 | D        | Found a shimmering altar of Xom.
   574 | D        | Found a basalt altar of Yredelemnul.
   574 | D        | Noticed an oklob sapling priest
   575 | D        | Found an iron altar of Okawaru.
   575 | D        | Found a shadowy altar of Dithmenos.
   575 | D        | Found a glowing silver altar of Zin.
   576 | D        | Found an ancient bone altar of Kikubaaqudgha.
   576 | D        | Found a hide-covered altar of Uskayaw.
   577 | D        | Found a stormy altar of Qazlal.
   577 | D        | Found a white marble altar of Elyvilon.
   577 | D        | Found a glowing golden altar of the Shining One.
   578 | D        | Became a worshipper of Gozag Ym Sagoz the Greedy
   579 | D        | Found a radiant altar of Vehumet.
   579 | D        | Found a corrupted altar of Lugonu.
   589 | D        | Killed an oklob sapling priest
   589 | D        | Reached skill level 10 in Polearms
   589 | D        | Reached skill level 1 in Armour
   589 | D        | Reached skill level 1 in Evocations
   589 | D        | Reached XP level 5. HP: 42/42 MP: 3/5
   724 | D        | Splashed by an oklob sapling wizard's acid

Skill      XL: |  1  2  3  4 |
---------------+-------------+-----
Polearms       | 5 7 8 10 | 10.7
Dodging        | 5 6 7 |  7.2
Fighting       | 3 4 |  4.0
Stealth        | 2 |  2.4
Armour         | 1 |  1.1
Evocations     | 1 |  1.1
Throwing       | |  2.9

Action                   |  1- 3 |  4- 6 || total
-------------------------+-------+-------++-------
Melee: Trident           |    14 |    24 ||    38
 Abil: Evoke Invisibilit |       |     3 ||     3
 Stab: Sleeping          |     1 |     3 ||     4
       Invisible         |       |     7 ||     7
Dodge: Dodged            |     4 |     3 ||     7
